 Dungeon Crawl Stone Soup version 0.17-a0-670-g5d95ebd (console) character file.

66 jernau the Magician (level 4, -6/37 HPs)
             Began as a Hill Orc Warper on Apr 18, 2015.
             Mangled by Sigmund
             ... wielding a cursed +0 scythe
              (9 damage)
             ... on level 3 of the Dungeon.
             The game lasted 00:11:39 (2452 turns).

jernau the Magician (Hill Orc Warper)               Turns: 2452, Time: 00:11:39

Health: -6/37      AC:  3    Str: 13    XL:     4   Next: 15%
Magic:  8/8        EV: 11    Int: 14    God:
Gold:   91         SH:  0    Dex: 10    Spells: 2 memorised, 6 levels left

rFire  . . .     SeeInvis .     a - +0 spear
rCold  . . .     Clarity  .     b - +0 leather armour
rNeg   . . .     SustAb   .     (no shield)
rPois  .         Gourm    .     (no helmet)
rElec  .         Spirit   .     (no cloak)
rCorr  .         Warding  .     (no gloves)
rMut   .         Stasis   .     (no boots)
MR     .....                    (no amulet)
Stlth  ..........               (no ring)
                                (no ring)

@: confused, not resistant to hostile enchantments, extremely unstealthy
A: no striking features
a: no special abilities


You were on level 3 of the Dungeon.
You were not hungry.

You visited 1 branch of the dungeon, and saw 3 of its levels.

You collected 91 gold pieces.

Inventory:

Hand weapons
 a - a +0 spear (weapon)
Missiles
 e - 5 tomahawks of dispersal (quivered)
Armour
 b - a +0 leather armour (worn)
Scrolls
 d - a scroll of blinking
 k - a scroll of remove curse
Books
 c - a book of Spatial Translocations

   Spells                             Type                      Level
   a - Apportation                    Translocation                1
   b - Blink                          Translocation                2
   c - Shroud of Golubria             Charms/Translocation         2
   d - Portal Projectile              Translocation                3
   e - Teleport Other                 Translocation                3
   f - Passage of Golubria            Translocation                4
Comestibles
 f - 2 bread rations
 g - a chunk of flesh
 l - 2 beef jerkies


   Skills:
 - Level 2.4 Fighting
 - Level 2.1 Polearms
 - Level 1.0 Throwing
 - Level 1.1 Armour
 - Level 1.5 Dodging
 * Level 3.3 Spellcasting
 - Level 2.4 Translocations


You had 6 spell levels left.
You knew the following spells:

 Your Spells              Type           Power        Failure   Level  Hunger
a - Apportation           Tloc           #.........   12%         1    #......
b - Blink                 Tloc           N/A          17%         2    ##.....


Dungeon Overview and Level Annotations

Branches:
Dungeon (3/15)

Altars:
Okawaru
Ru

Portals:
Sewer: D:3

Annotations:
D:3 Sigmund


Message History

You aren't carrying any potions.
You're too confused!
You bump into the rock wall.
Sigmund hits you from afar with a scythe!
Sigmund zaps a wand.
You are more confused.
You bump into the rock wall.
Sigmund zaps a wand.
You are more confused.
Found a stone staircase leading down.
You hear the slow rusting of a drain.
You bump into the rock wall.
Sigmund points at you and mumbles some strange words.
The magic dart hits you!
* * * LOW HITPOINT WARNING * * *
You see here a dagger.
You're too confused to move!
You see here a dagger.
Sigmund hits you from afar with a scythe!
You die...

### ..# . ##
#.#####.# .
#>##......
#.#.##.......
#.##.#.##..#.#..
###.....)#........
#.....?..@.....# .#
..##+##.##...###..#
..#≈SS#.##.@........
..#≈≈S#.#...........
..#≈∩≈#.....#####...
...#≈≈≈#.....#
#..#≈≈≈#.#...#
...#####.#...#
##.......#...#


You could see Sigmund and 3 adders.

Vanquished Creatures
  2 adders (D:2)
  An ooze (D:1)
  A worm (D:2)
  2 giant geckos (D:1)
  3 bats
  A giant cockroach (D:2)
  4 hobgoblins (D:2)
  6 jackals (D:1)
  2 ball pythons
  4 giant newts
  3 goblins (D:2)
  4 kobolds (D:2)
  5 rats
38 creatures vanquished.

Notes
Turn   | Place    | Note
--------------------------------------------------------------
     0 | D:1      | jernau, the Hill Orc Warper, began the quest for the Orb.
     0 | D:1      | Reached XP level 1. HP: 18/18 MP: 3/3
   454 | D:1      | Reached XP level 2. HP: 25/25 MP: 5/5
  1044 | D:1      | Reached XP level 3. HP: 30/30 MP: 6/6
  1471 | D:2      | Found an iron altar of Okawaru.
  1707 | D:2      | Found a sacrificial altar of Ru.
  1710 | D:2      | Reached skill level 3 in Spellcasting
  1717 | D:2      | Learned a level 2 spell: Blink
  1831 | D:2      | Reached XP level 4. HP: 27/37 MP: 8/8
  2398 | D:3      | Noticed Sigmund
  2399 | D:3      | Found a glowing drain.
  2452 | D:3      | Mangled by Sigmund

Action                   |  1- 3 |  4- 6 || total
-------------------------+-------+-------++-------
Melee: Spear             |   143 |    37 ||   180
  Use: Potion            |     1 |     1 ||     2
       Scroll            |       |     5 ||     5
 Stab: Paralysed         |     3 |       ||     3
       Sleeping          |     1 |       ||     1
  Eat: Chunk             |     3 |     1 ||     4
       Fruit             |       |     1 ||     1
